 Dungeon Crawl Stone Soup version 0.28.0-53-g5a82cb258f (webtiles) character file.

Game seed: 11117746840541623265

49 Zeld the Gusty (level 3, -6/19 HPs)
             Began as a Tengu Air Elementalist on June 14, 2022.
             Killed from afar by an orc wizard (7 damage)
             ... with a puff of flame
             ... on level 2 of the Dungeon.
             The game lasted 00:01:26 (2004 turns).

Zeld the Gusty (Tengu Air Elementalist)             Turns: 2004, Time: 00:01:26

Health: -6/19      AC:  2    Str:  8    XL:     3   Next: 75%
Magic:  1/8        EV: 12    Int: 17    God:
Gold:   48         SH:  0    Dex: 14    Spells: 1/7 levels left

rFire   . . .      SeeInvis .   (no weapon)
rCold   . . .      Faith    .   (no shield)
rNeg    . . .      Spirit   .   a - +0 robe
rPois   .          Reflect  .   (helmet restricted)
rElec   .          Harm     .   (no cloak)
rCorr   .          Rampage  .   (no gloves)
Will    .....                   (boots unavailable)
Stlth   ++........              (no amulet)
HPRegen 0.06/turn               (no ring)
MPRegen 0.11/turn               (no ring)

@: no status effects
A: beak, talons 3
a: no special abilities


You were on level 2 of the Dungeon.
You visited 1 branch of the dungeon, and saw 2 of its levels.

You collected 48 gold pieces.

Inventory:

Missiles
 e - 5 poisoned darts
 g - 23 bolts
Armour
 a - a +0 robe (worn)
Scrolls
 c - a scroll of silence {unknown}
 d - a scroll of blinking {unknown}
 f - 3 scrolls of magic mapping {unknown}
 h - a scroll of fog {unknown}
Potions
 b - a potion of heal wounds {unknown}


   Skills:
 - Level 2.1 Dodging
 - Level 2.0 Stealth
 * Level 2.8 Spellcasting
 + Level 2.3 Conjurations
 * Level 4.9 Air Magic


You had one spell level left.
You knew the following spells:

 Your Spells              Type           Power      Damage    Failure   Level
a - Shock                 Conj/Air       56%        1d6       4%          1
b - Static Discharge      Conj/Air       14%        N/A       6%          2
c - Swiftness             Air            19%        N/A       7%          3

Your spell library contained the following spells:

 Spells                   Type           Power      Damage    Failure   Level
 Corpse Rot               Necr/Air       20%        N/A       10%         2
 Airstrike                Air            9%         N/A       22%         4
 Dazzling Flash           Conj/Hex       12%        N/A       32%         3
 Confusing Touch          Hex            2%         N/A       47%         3


Dungeon Overview and Level Annotations

Branches:
Dungeon (2/15)

Altars:


Innate Abilities, Weirdness & Mutations

You have a beak for a mouth.
You have claws for feet.


Message History

You kill the orc!
The zap misses the orc wizard.
Unknown command.
You hit the orc wizard but do no damage.
Unknown command.
You hit the orc wizard but do no damage.
You claw the orc wizard.
The orc wizard is lightly wounded.
The orc wizard hits you with a +0 dagger.
You hit the orc wizard but do no damage.
Your peck misses the orc wizard.
The orc wizard is lightly wounded.
The orc wizard gestures at you while chanting.
You resist with significant effort.
You hit the orc wizard but do no damage.
The orc wizard is lightly wounded.
The orc wizard hits you with a +0 dagger.
You closely miss the orc wizard.
You peck the orc wizard, but do no damage.
Your punch misses the orc wizard.
The orc wizard is lightly wounded.
The orc wizard barely misses you.
You barely miss the orc wizard. You peck the orc wizard.
The orc wizard is moderately wounded.
The orc wizard barely misses you.
You hit the orc wizard but do no damage.
The orc wizard is moderately wounded.
The orc wizard completely misses you.
The orc wizard gestures wildly while chanting.
The orc wizard flickers and vanishes!
Deactivating autopickup; reactivate with Ctrl-A.
You hear some strange, mumbled words.
A puff of flame appears from out of thin air!
The puff of flame hits you!
* * * LOW HITPOINT WARNING * * *
You hear some strange, mumbled words.
Something tries to affect you, but you resist.
A puff of flame appears from out of thin air!
The puff of flame hits you!
You die...

....... ....... ###########
.......##########.........#
......>...)...............#
..........#...#...........##
.......)).#{................
........).#.................
..........#.................
##........#@.....##..#######
#........#......###.##
#........#...######..######
#............+............+
#........#...#######.######
#............'.............
#............########.###..
#............########..##..
#.........#####............


There were no monsters in sight!

Vanquished Creatures
  An adder (D:2)
  2 dart slugs
  2 orcs (D:2)
  3 bats (D:1)
  6 endoplasms
  3 goblins
  2 hobgoblins
  3 kobolds
  3 ball pythons
  2 frilled lizards (D:1)
  5 rats
32 creatures vanquished.

Vanquished Creatures (others)
  A plant (D:1)
1 creature vanquished.

Grand Total: 33 creatures vanquished

Notes
Turn   | Place    | Note
-------+----------+-------------------------------------------
     0 | D:1      | Zeld the Tengu Air Elementalist began the quest for the
                  | Orb.
     0 | D:1      | Reached XP level 1. HP: 10/10 MP: 4/4
   286 | D:1      | Reached XP level 2. HP: 15/15 MP: 3/6
   289 | D:1      | Learned a level 2 spell: Static Discharge
  1510 | D:2      | Reached XP level 3. HP: 15/19 MP: 2/7
  1597 | D:2      | Learned a level 3 spell: Swiftness
  1770 | D:2      | Found a faded altar of an unknown god.
  1936 | D:2      | Got Sif Muna's Guide on the Birds and Bewitchment
  2004 | D:2      | Killed from afar by an orc wizard

Illustrated notes

Levels and vault maps discovered:
D:1:      saegor_arrival_simple_d, layout_basic, minmay_crystal_water,
          serial_bayou_pond_e, chequers_serial_rivers_large_a,
          serial_park_tiny_2
D:2:      layout_basic, shapermc_ecumenical_altar_ellora, minivault_11,
          minmay_heptomino_l4

Skill      XL: |  1  2 |
---------------+-------+-----
Conjurations   | 2 |  2.3
Dodging        | |  2.1
Stealth        | |  2.0
Spellcasting   | |  2.8
Air Magic      | |  4.9

Action                   || total
-------------------------++-------
Melee: Unarmed           ||    22
       Peck              ||     4
       Kick              ||     4
 Cast: Shock             ||    15
       Static Discharge  ||    23
 Stab: Distracted        ||     1
Armor: Robe              ||     6
Dodge: Dodged            ||    22
